 Dungeon Crawl Stone Soup version 0.28-a0-461-g2dc4ca5097 (webtiles) character file.

Game seed: 11438586135261578514

85990 robertstho the Eclecticist (level 16, -1/114 HPs)
             Began as a Djinni Fire Elementalist on Sept 13, 2021.
             Was an Initiate of Gozag.
             Slain by a shock serpent (14 damage)
             ... on level 1 of the Snake Pit.
             The game lasted 00:56:13 (24969 turns).

robertstho the Eclecticist (DjFE)                  Turns: 24969, Time: 00:56:14

Health: -1/114     AC: 16    Str:  9    XL:     16   Next: 32%
Gold:   3076       EV:  9    Int: 30    God:    Gozag SH:  5 Dex: 11

rFire   + + +      SeeInvis +   r - +7 quarterstaff of Morurhiv {flame, rF+ rCorr Str+2 Int+2}
rCold   . . .      Faith    .   (shield currently unavailable)
rNeg    . . .      Spirit   .   a - +5 scale mail of the Skies Above {Regen+ Int+5 Dex-4 SInv}
rPois   ∞          Reflect  +   F - +1 hat
rElec   .          Harm     .   c - +0 cloak
rCorr   +          Rampage  .   v - +0 pair of gloves
Will    +....                   (boots unavailable)
Stlth   +.........              H - amulet of reflection
HPRegen 1.29/turn               l - ring of protection from cold
MPRegen 0.00/turn               m - ring of see invisible

@: gold aura, flying
A: sickness immunity, fire resistance 2, cold vulnerability 1, float, innate
caster, hp casting, extra vitality 1
a: Renounce Religion, Potion Petition, Call Merchant, Bribe Branch


You were on level 1 of the Snake Pit.
You worshipped Gozag.
Gozag was most pleased with you.
You visited 5 branches of the dungeon, and saw 25 of its levels.

You collected 6280 gold pieces.
You spent 1271 gold pieces at shops.
You paid 1933 gold pieces to Gozag.

Inventory:

Hand Weapons
 k - a +2 vorpal hand axe
 r - the +7 quarterstaff of Morurhiv (weapon) {flame, rF+ rCorr Str+2 Int+2}
   (You bought it in a shop on level 8 of the Dungeon)

   It burns those it strikes, dealing additional fire damage.
   Str:       It affects your strength (+2).
   Int:       It affects your intelligence (+2).
   rF:        It protects you from fire.
   rCorr:     It protects you from acid and corrosion.
Missiles
 h - a throwing net
Armour
 a - the +5 scale mail of the Skies Above (worn) {Regen+ Int+5 Dex-4 SInv}
   (You bought it in a shop on level 1 of the Lair of Beasts)

   Int:       It affects your intelligence (+5).
   Dex:       It affects your dexterity (-4).
   SInv:      It lets you see invisible.
   Regen:     It increases your rate of health regeneration.
 c - a +0 cloak (worn)
 i - a +0 kite shield
 v - a +0 pair of gloves (worn)
 y - a +2 robe of willpower
 B - the +3 robe of Okawaru's Esteem {Drain Will+ Regen+ SInv}
   (You bought it in a shop on level 11 of the Dungeon)

   SInv:      It lets you see invisible.
   Regen:     It increases your rate of health regeneration.
   Drain:     It drains your maximum health when unequipped.
   Will:      It increases your willpower.
 F - a +1 hat (worn)
Jewellery
 l - a ring of protection from cold (left hand)
 m - a ring of see invisible (right hand)
 H - an amulet of reflection (around neck)
 J - a +4 ring of protection
Wands
 j - a wand of digging (26)
 o - a wand of iceblast (14)
 x - a wand of polymorph (24)
 E - a wand of charming (8)
 K - a wand of mindburst (8)
 M - a wand of flame (10)
Scrolls
 e - a scroll of immolation
 g - 4 scrolls of blinking
 q - 6 scrolls of enchant armour
 t - a scroll of vulnerability
 A - 4 scrolls of enchant weapon
 C - 4 scrolls of fog
 G - 3 scrolls of teleportation
 N - a scroll of torment {unknown}
Potions
 b - 2 potions of mutation
 d - 3 potions of curing
 f - 2 potions of brilliance
 n - 3 potions of might
 p - 5 potions of attraction
 s - 2 potions of haste
 u - 5 potions of cancellation
 w - 4 potions of heal wounds {unknown}
 z - 5 potions of flight {unknown}
 D - a potion of lignification {unknown}
 I - 2 potions of invisibility
 L - a potion of berserk rage {unknown}


   Skills:
 * Level 10.4 Fighting
 + Level 1.3 Axes
 + Level 2.7 Staves
 + Level 6.4 Armour
 + Level 4.9 Dodging
 + Level 4.2 Stealth
 + Level 1.6 Shields
 * Level 17.6 Spellcasting
 + Level 0.4 Evocations


You had 12 spell levels left.
You knew the following spells:

 Your Spells              Type           Power      Damage    Failure   Level
a - Foxfire               Conj/Fire      100%       2x1d9     0%          1
b - Scorch                Fire           100%       2d10      0%          2
c - Conjure Flame         Conj/Fire      93%        6-21      1%          3
d - Inner Flame           Hex/Fire       93%        N/A       1%          3
e - Flame Wave            Conj/Fire      93%        3d15      1%          4
f - Animate Skeleton      Necr           100%       N/A       0%          1
g - Ensorcelled Hibernat  Hex/Ice        100%       N/A       0%          2
h - Ignite Poison         Fire/Tmut/Pois 93%        N/A       1%          3
i - Animate Armour        Summ/Erth      100%       N/A       1%          4
j - Petrify               Tmut/Erth      93%        N/A       1%          4
k - Summon Mana Viper     Hex/Summ       93%        N/A       1%          5
l - Death Channel         Necr           46%        N/A       1%          6
Your spell library was empty.

Dungeon Overview and Level Annotations

Branches:
Dungeon (15/15)            Temple (1/1) D:5            Lair (6/6) D:11
 Shoals (0/4) Lair:3        Snake (1/4) Lair:3        Slime (0/5) Lair:6
    Orc (2/2) D:10            Elf (0/3) Orc:2        Vaults (0/5) D:14
 Depths: D:15

Altars:
Ashenzari
Cheibriados
Dithmenos
Elyvilon
Fedhas
Gozag
Hepliaklqana
Makhleb
Nemelex Xobeh
Okawaru
Ru
Sif Muna
Trog
Vehumet
Wu Jian
Yredelemnul
The Shining One
Jiyva

Shops:
D:7 ::?=   D:8 *   D:11 [   Lair:1 [

Portals:
Trove: D:14 (show slimy rune of Zot)

Annotations:
D:9 1 runed translucent door, robertstho's ghost, journeyman DjFE
Lair:3 2 transporters, Rites's ghost, journeyman DjGl


Innate Abilities, Weirdness & Mutations

You are immune to sickness and miasma.
You are immune to poison.
Your flesh is very heat resistant. (rF++)
You are vulnerable to cold. (rC-)
You float through the air rather than walking.
You learn spells naturally, not from books.
Your magical power is your life essence.
You have superior vitality. (+4 HP)


Message History

Unknown command.
Casting: Summon Mana Viper (mildly dangerous; 1% risk of failure)
Confirm with . or Enter, or press ? or * to list all spells.
Casting: Flame Wave (safe; 1% risk of failure)
Press: ? - help, Dir - look around, f - activate A wave of flame ripples out!
The flame wave engulfs the anaconda!!
You kill the anaconda! (Press . to intensify the flame waves.)
The shock serpent shoots out a bolt of lightning at you!
The bolt of electricity hits you!!
Unknown command.
Casting: Flame Wave (safe; 1% risk of failure)
Confirm with . or Enter, or press ? or * to list all spells.
Restarting spell: Flame Wave (safe; 1% risk of failure)
Press: ? - help, Dir - look around, f - activate A wave of flame ripples out!
The flame wave engulfs the shock serpent!
The shock serpent is heavily wounded. (Press . to intensify the flame waves.)
The shock serpent's electric aura discharges, shocking you!
Your mana viper misses the shock serpent.
The shock serpent closely misses you.
Unknown command.
Casting: Flame Wave (safe; 1% risk of failure)
Confirm with . or Enter, or press ? or * to list all spells.
Flames lash the shock serpent.
The shock serpent is severely wounded.
The shock serpent's fire resistance burns away.
The shock serpent's electric aura discharges, shocking you!
Your mana viper barely misses the shock serpent.
The shock serpent bites you!
* * * LOW HITPOINT WARNING * * *
The shock serpent shocks you!
* * * LOW HITPOINT WARNING * * *
Your mana viper misses the shock serpent.
The shock serpent bites you!
* * * LOW HITPOINT WARNING * * *
The shock serpent shocks you!
You die...
Your body crumbles into a pile of gold.

#.........# #.
#.#.........# ..
#..#.#.........# ..
...#.##........# .#
##.........[......# .#
##.... #...........#
###.....## ##...S.#....#
##.......####...S##...##
.)..........###.@# ...#
..###.........)..# ...#
...##..........###....#
#..##....#.........#S.#
##......###......####.#
........##).....###
.........#.........
#...####...........#
####.##..........###


You could see a shock serpent (combustible, ally target) and a friendly mana
viper (summoned).

Vanquished Creatures
  An orc warlord (Orc:1)
  6 hydras
  Erolcha (D:9)
  3 boulder beetles
  A vault guard (D:14)
  An anaconda (Snake:1)
  A centaur warrior (D:14)
  2 death yaks (Lair:2)
  4 two-headed ogres
  Erica (D:8)
  Sonja (Lair:1)
  Nergalle (D:10)
  Pikel (D:9)
  A phantasmal warrior (D:14)
  3 deep elf pyromancers
  A cyclops (D:13)
  6 ugly things
  26 elephants
  A manticore (D:11)
  6 black mambas
  12 cane toads
  A naga mage (Snake:1)
  A torpor snail (Lair:2)
  A cane toad (shapeshifter) (D:14)
  12 komodo dragons
  7 rime drakes
  9 trolls
  6 polar bears
  7 hornets
  14 blink frogs
  4 slime creatures (D:13)
  Grinder (D:4)
  12 dream sheep (Lair:6)
  4 wraiths
  13 spriggans
  3 wyverns
  A water elemental (D:14)
  2 vampires (D:11)
  5 vampire mosquitoes
  77 yaks
  3 basilisks
  2 steam dragons
  4 wargs
  3 nagas (Lair:3)
  18 water moccasins
  An acid dragon (D:11)
  15 orc warriors
  An ice beast (D:5)
  2 sky beasts
  3 necrophages
  6 black bears
  4 ogres
  4 centaurs
  4 boggarts (Lair:6)
  18 wolves
  4 lemures
  A kobold brigand (D:9)
  21 bullfrogs
  4 scorpions
  Blork the orc (D:5)
  3 gnoll sergeants
  A water moccasin skeleton (D:5)
  3 killer bees (D:10)
  6 electric eels
  A howler monkey (D:12)
  3 hounds
  6 orc priests
  A bullfrog skeleton (D:5)
  3 centaur zombies
  A centaur skeleton (D:4)
  13 orc wizards
  5 hell rats (Lair:3)
  5 iguanas
  A scorpion zombie (D:5)
  A spriggan simulacrum (D:11)
  2 troll simulacra (D:11)
  A hound zombie (D:5)
  2 howler monkey zombies
  7 gnolls
  5 adders
  A shadow imp (D:6)
  2 white imps
  2 worm zombies (D:7)
  3 worms
  3 dart slugs (D:1)
  45 orcs
  7 ball pythons
  4 bats
  9 endoplasms
  A giant cockroach (D:1)
  7 goblins
  9 hobgoblins
  13 jackals
  A quokka (D:4)
  3 frilled lizards
  7 kobolds
  9 rats
  A bush (Lair:2)
576 creatures vanquished.

Vanquished Creatures (collateral kills)
  A naga warrior (Snake:1)
  2 death knights (D:14)
  2 deep trolls (D:15)
  A phantasmal warrior (D:14)
  A wizard (D:15)
  A lindwurm (Lair:4)
  A deep elf pyromancer (D:12)
  An orc knight (D:15)
  An ugly thing (D:14)
  A salamander (Snake:1)
  A black mamba (Snake:1)
  A naga mage (Snake:1)
  A cane toad (Lair:2)
  A freezing wraith (D:14)
  A wraith (D:14)
  3 nagas (Snake:1)
  15 foxfires
35 creatures vanquished.

Vanquished Creatures (others)
  A hell knight (D:15)
  An orc (Orc:2)
  1342 foxfires
  78 fungi
  112 plants
1534 creatures vanquished.

Grand Total: 2145 creatures vanquished

Notes
Turn   | Place    | Note
-------+----------+-------------------------------------------
     0 | D:1      | robertstho the Djinni Fire Elementalist began the quest for
                  | the Orb.
     0 | D:1      | Reached XP level 1. HP: 15/15 MP: 0/0
   257 | D:1      | Reached XP level 2. HP: 10/21 MP: 0/0
   844 | D:1      | Reached skill level 3 in Spellcasting
   916 | D:1      | Found a faded altar of an unknown god.
   992 | D:1      | Reached XP level 3. HP: 20/26 MP: 0/0
   992 | D:1      | Learned a level 1 spell: Animate Skeleton
  1381 | D:1      | Reached skill level 1 in Fighting
  1680 | D:2      | Reached XP level 4. HP: 29/32 MP: 0/0
  2227 | D:2      | Reached XP level 5. HP: 34/37 MP: 0/0
  2227 | D:2      | Learned a level 2 spell: Ensorcelled Hibernation
  2720 | D:2      | Reached skill level 4 in Spellcasting
  3944 | D:3      | Noticed an ogre
  3949 | D:3      | Killed an ogre
  3950 | D:3      | Reached XP level 6. HP: 36/43 MP: 0/0
  4151 | D:4      | Noticed Grinder
  4152 | D:4      | Paralysed by Grinder for 4 turns
  4158 | D:4      | Killed Grinder
  4159 | D:4      | Reached skill level 5 in Spellcasting
  4159 | D:4      | Reached XP level 7. HP: 26/49 MP: 0/0
  4159 | D:4      | Learned a level 3 spell: Ignite Poison
  4774 | D:5      | Entered Level 5 of the Dungeon
  5050 | D:5      | Reached skill level 1 in Axes
  5125 | D:5      | Reached skill level 6 in Spellcasting
  5125 | D:5      | Reached XP level 8. HP: 27/55 MP: 0/0
  5332 | D:5      | Found a staircase to the Ecumenical Temple.
  5376 | Temple   | Entered the Ecumenical Temple
  5430 | Temple   | Became a worshipper of Gozag Ym Sagoz the Greedy
  5980 | D:5      | Noticed Blork the orc
  5987 | D:5      | Killed Blork the orc
  6034 | D:5      | Reached skill level 7 in Spellcasting
  6362 | D:6      | Noticed a hornet
  6370 | D:6      | Killed a hornet
  6378 | D:6      | Reached XP level 9. HP: 34/61 MP: 0/0
  6378 | D:6      | Learned a level 4 spell: Animate Armour
  6678 | D:6      | Reached skill level 8 in Spellcasting
  6889 | D:6      | Found a blossoming altar of Fedhas.
  6977 | D:6      | Found a basalt altar of Yredelemnul.
  6981 | D:6      | Found a broken altar of Ashenzari.
  7935 | D:7      | Reached skill level 9 in Spellcasting
  8274 | D:7      | Reached XP level 10. HP: 64/68 MP: 0/0
  8660 | D:7      | Found Tileo's Book Shoppe.
  8662 | D:7      | Found Koiwyo's Book Shoppe.
  8665 | D:7      | Found Hecw's Jewellery Shoppe.
  8669 | D:7      | Found Leeroch's Magic Scroll Shoppe.
  8933 | D:7      | Bought a scroll of summoning for 104 gold pieces
  8933 | D:7      | Bought a scroll of immolation for 38 gold pieces
  8933 | D:7      | Bought 3 scrolls of fear for 115 gold pieces
  8933 | D:7      | Bought a scroll of identify for 22 gold pieces
  8933 | D:7      | Bought a scroll of enchant armour for 82 gold pieces
  9330 | D:7      | You are sucked into a shaft and drop 1 floor!
  9333 | D:8      | Reached skill level 10 in Spellcasting
  9653 | D:8      | Found Juval's Assorted Antiques.
  9656 | D:8      | Bought a steaming quarterstaff for 297 gold pieces
  9656 | D:8      | Identified the +7 quarterstaff of Morurhiv {flame, rF+
                  | rCorr Str+2 Int+2} (You bought it in a shop on level 8 of
                  | the Dungeon)
  9656 | D:8      | Bought a scroll of identify for 66 gold pieces
  9755 | D:8      | Noticed Erica
  9763 | D:8      | Killed Erica
  9764 | D:8      | Reached skill level 5 in Fighting
  9820 | D:8      | Reached skill level 11 in Spellcasting
  9823 | D:8      | Reached XP level 11. HP: 42/76 MP: 0/0
  9823 | D:8      | Learned a level 4 spell: Petrify
  9829 | D:8      | Noticed a two-headed ogre
  9841 | D:8      | Killed a two-headed ogre
 10184 | D:8      | Found a burning altar of Makhleb.
 10691 | D:9      | You are sucked into a shaft and drop 1 floor!
 10691 | D:10     | Entered Level 10 of the Dungeon
 10691 | D:10     | Found a staircase to the Orcish Mines.
 11184 | D:9      | Noticed Pikel
 11192 | D:9      | Identified the +5 rapier of the Madman {vorpal, Dex+2}
 11961 | D:9      | Reached skill level 12 in Spellcasting
 11973 | D:9      | Killed Pikel
 12304 | D:9      | Noticed Erolcha
 12314 | D:9      | Killed Erolcha
 12569 | D:9      | Found a runed translucent door.
 12588 | D:9      | Noticed robertstho's ghost (journeyman DjFE)
 13186 | D:10     | Noticed Nergalle
 13205 | D:10     | Reached XP level 12. HP: 21/83 MP: 0/0
 13207 | D:10     | Noticed a two-headed ogre
 13519 | D:10     | Killed a two-headed ogre
 13795 | D:10     | Killed Nergalle
 13796 | D:10     | Reached skill level 13 in Spellcasting
 14021 | D:10     | Noticed a two-headed ogre
 14029 | D:10     | Killed a two-headed ogre
 14201 | D:10     | Found a snail-covered altar of Cheibriados.
 14536 | D:11     | Noticed a boulder beetle
 14591 | Orc:1    | Entered Level 1 of the Orcish Mines
 14683 | Orc:1    | Found a bloodstained altar of Trog.
 14841 | Orc:2    | Entered Level 2 of the Orcish Mines
 14841 | Orc:2    | Noticed an orc warlord
 14841 | Orc:2    | Found a staircase to the Elven Halls.
 14845 | Orc:2    | Noticed an orc warlord
 15152 | D:11     | Bought the +3 robe of Okawaru's Esteem {Drain Will+ Regen+
                  | SInv} for 295 gold pieces
 15304 | D:11     | Found a staircase to the Lair.
 15333 | D:11     | Killed a boulder beetle
 15662 | D:12     | Noticed a boulder beetle
 15765 | D:12     | Killed a boulder beetle
 15766 | D:12     | Reached skill level 14 in Spellcasting
 15845 | D:12     | Noticed a two-headed ogre
 15866 | D:12     | Killed a two-headed ogre
 15867 | D:12     | Reached XP level 13. HP: 52/89 MP: 0/0
 15867 | D:12     | Learned a level 5 spell: Summon Mana Viper
 15934 | D:12     | Found a shadowy altar of Dithmenos.
 16844 | D:14     | Noticed a centaur warrior
 16848 | D:14     | Killed a centaur warrior
 16912 | D:14     | Found a portal to a secret trove of treasure.
 16961 | D:14     | Found a sacrificial altar of Ru.
 17007 | D:14     | Noticed a vault guard
 17164 | Lair:1   | Entered Level 1 of the Lair of Beasts
 17180 | Lair:1   | Reached skill level 15 in Spellcasting
 17527 | Lair:1   | Noticed an eight-headed hydra
 17546 | Lair:1   | Killed an eight-headed hydra
 17612 | Lair:1   | You are sucked into a shaft and drop 1 floor!
 17612 | Lair:2   | Noticed a boulder beetle
 17643 | Lair:2   | Noticed a six-headed hydra
 17787 | Lair:1   | Bought a pitted scale mail for 252 gold pieces
 17787 | Lair:1   | Identified the +5 scale mail of the Skies Above {Regen+
                  | Int+5 Dex-4 SInv} (You bought it in a shop on level 1 of
                  | the Lair of Beasts)
 17920 | Lair:1   | Reached XP level 14. HP: 37/84 MP: 0/0
 18009 | Lair:1   | Noticed Sonja
 18023 | Lair:1   | Killed Sonja
 18524 | Lair:2   | Reached skill level 1 in Armour
 18804 | Lair:2   | Reached skill level 16 in Spellcasting
 19599 | Lair:3   | Reached skill level 1 in Staves
 19749 | Lair:3   | Found a transporter.
 19752 | Lair:3   | Found a transporter.
 19839 | Lair:3   | Found a staircase to the Snake Pit.
 19872 | Lair:3   | Found a staircase to the Shoals.
 19878 | Lair:3   | Found a bloodstained altar of Trog.
 19885 | Lair:3   | Noticed Rites's ghost (journeyman DjGl)
 21177 | Lair:5   | Reached XP level 15. HP: 98/105 MP: 0/0
 21177 | Lair:5   | Learned a level 6 spell: Death Channel
 21751 | Lair:6   | Entered Level 6 of the Lair of Beasts
 21852 | Lair:6   | Reached skill level 5 in Armour
 22177 | Lair:6   | Reached skill level 17 in Spellcasting
 22684 | Lair:6   | Found a viscous altar of Jiyva.
 22684 | Lair:6   | Found a staircase to the Slime Pits.
 23431 | Orc:1    | Killed an orc warlord
 23432 | Orc:1    | Reached skill level 10 in Fighting
 23432 | Orc:1    | Reached skill level 1 in Shields
 23677 | D:14     | Reached XP level 16. HP: 101/113 MP: 0/0
 23921 | D:14     | Found a white marble altar of Elyvilon.
 24395 | D:14     | Found a gate to the Vaults.
 24493 | D:15     | Entered Level 15 of the Dungeon
 24759 | Snake:1  | Entered Level 1 of the Snake Pit
 24969 | Snake:1  | Slain by a shock serpent

Illustrated notes

Levels and vault maps discovered:
D:1:      lemuel_arrival_room, layout_rooms, basic_ecumenical_altar
D:2:      layout_loops_ring, serial_aquarium, aquarium_bridge_straight
          [aquarium_subvault_bridge, aquarium_subvault_window,
          aquarium_subvault_bridge, aquarium_subvault_wall],
          aquarium_bridge_square [aquarium_subvault_window,
          aquarium_subvault_wall, aquarium_subvault_balcony,
          aquarium_subvault_bridge], aquarium_window_1,
          aquarium_window_corridor_2, aquarium_window_2, aquarium_window_2,
          aquarium_view_2a, aquarium_view_2b
D:3:      layout_basic, roderic_malta_cross
D:4:      layout_basic, uniq_grinder
D:5:      kennysheep_six_static_rooms, layout_basic,
          mainiacjoe_overflow_small_starburst, minmay_temple_entry_waves,
          uniq_blork_the_orc
D:6:      layout_basic, mainiacjoe_overflow_alcove_1,
          grunt_temple_overflow_open, hex_large
D:7:      layout_loops_ring, enter_ossuary_3, minmay_shop_grid_forest
D:8:      layout_gridville, lightli_temple_of_fire, serial_shops,
          nicolae_shop_behind_doors, uniq_erica
D:9:      layout_basic, hellmonk_ghost_happy_afterlife, uniq_pikel, uniq_erolcha
D:10:     layout_loops_ring, cheibrodos_worm_habitat, david_orc_3, serial_bayou,
          serial_bayou_pond_c, serial_bayou_lake_a, serial_bayou_pond_b,
          serial_bayou_pond_e, chequers_serial_rivers_room_a, uniq_nergalle
D:11:     layout_rooms, due_lair_maze_entry_diamond,
          portal_ice_cave_entry_ice_simulacra
D:12:     layout_rooms, nicolae_dithmenos_the_darkroom
D:13:     layout_small_grid, the_hattery
D:14:     layout_irregular_city, david_vaults_4, nicolae_elyvilon_temple_path,
          enter_trove_3, corexii_leaking_fountain, hangedman_ru_absence
D:15:     hangedman_depths_entry_civil_slaughter, layout_basic,
          serial_corexii_hall, corexii_hall_statues_x, corexii_hall_statues_x,
          guppyfry_shop_venom
Temple:   eino_temple_scatter_basement
Lair:1:   layout_long_grid, minivault_26, chequers_serial_rivers_micro_b,
          grunt_megastairs_5, uniq_sonja
Lair:2:   layout_roguey, serial_bayou_crossing, grunt_megastairs_4,
          lemuel_fruit_tree, infiniplex_staircase_pool
Lair:3:   layout_long_grid, shoals_dummy_entry, guppyfry_snake_entry_garden,
          gammafunk_ghost_wrathful_warriors
Lair:4:   layout_gridlike, grunt_megastairs_2
Lair:5:   layout_regular_city, grunt_megastairs_3, serial_bayou_shore_a
Lair:6:   minmay_lair_end_enchanted_forest, layout_long_grid, slime_altar_1
Snake:1:  layout_onion_interference, serial_shops, shop, minmay_shop_star,
          grunt_megastairs_1
Orc:1:    layout_caves, basic_altar, hangedman_minor_magic
Orc:2:    st_orc_congregation, layout_caves, serial_shops, nicolae_square_shop,
          uniq_donald

Skill      XL: |  1  2  3  4  5  6  7  8  9 10 11 12 13 14 15 16 |
---------------+-------------------------------------------------+-----
Spellcasting   | 3 4 5 6 7 9 11 12 14 15 16 17 | 17.6
Fighting       | 1 2 3 4 5 6 8 9 10 | 10.4
Stealth        | 2 3 4 |  4.2
Axes           | 1 |  1.3
Dodging        | 3 4 |  4.9
Armour         | 4 5 6 |  6.4
Staves         | 1 2 |  2.7
Shields        | 1 |  1.6
Evocations     | |  0.4

Action                   |  1- 3 |  4- 6 |  7- 9 | 10-12 | 13-15 | 16-18 || total
-------------------------+-------+-------+-------+-------+-------+-------++-------
Melee: Hand axe          |       |    13 |     2 |       |       |       ||    15
       Quarterstaff      |       |       |       |     4 |    23 |    22 ||    49
 Cast: Foxfire           |    48 |    38 |    84 |   241 |   369 |    10 ||   790
       Scorch            |    19 |    41 |    90 |   124 |    61 |     6 ||   341
       Flame Wave        |       |       |     3 |    45 |   157 |    10 ||   215
       Petrify           |       |       |       |    24 |    24 |     6 ||    54
       Summon Mana Viper |       |       |       |       |    10 |    20 ||    30
Invok: Call Merchant     |       |       |       |     1 |     1 |       ||     2
       Potion Petition   |       |       |       |       |     2 |       ||     2
Evoke: Wand              |       |       |       |     1 |       |     5 ||     6
  Use: Scroll            |       |       |     7 |     9 |     7 |     3 ||    26
       Potion            |       |       |       |     5 |     5 |       ||    10
 Stab: Petrified         |       |       |       |       |    10 |       ||    10
       Distracted        |       |       |       |       |       |     2 ||     2
Armor: Robe              |     7 |    11 |    11 |    18 |    26 |       ||    73
       Scale mail        |       |       |       |       |   105 |    30 ||   135
Dodge: Dodged            |    12 |    23 |    24 |    60 |   136 |    17 ||   272
Block: Other             |       |       |       |       |    21 |     9 ||    30

Table legend: (Time is in decaauts)
 A = Elapsed time spent in this place.
 B = Non-inter-level travel time spent in this place.
 C = Inter-level travel time spent in this place.
 D = Time resting spent in this place.
 E = Time spent auto-exploring this place.
 F = Levels seen in this place.
 G = Mean time per level.
                   A        B        C        D        E       F      G
               +--------+--------+--------+--------+--------+-----+--------+
         Total |  25036 |  23547 |   1489 |   2170 |  17610 |  25 | 1001.4 |
       Dungeon |  17894 |  16815 |   1079 |   1673 |  12898 |  15 | 1192.9 |
        Temple |     72 |     54 |     18 |      0 |     42 |   1 |   72.0 |
          Lair |   6228 |   5871 |    357 |    269 |   4305 |   6 | 1038.0 |
     Snake Pit |    212 |    212 |      0 |      0 |    115 |   1 |  212.0 |
  Orcish Mines |    627 |    595 |     32 |    228 |    250 |   2 |  313.5 |
               +--------+--------+--------+--------+--------+-----+--------+

Top non-repeatable levels by time:
    D:10: 1937 daAuts
     D:6: 1792 daAuts
     D:8: 1645 daAuts
     D:2: 1595 daAuts
     D:5: 1542 daAuts
     D:1: 1539 daAuts
  Lair:6: 1447 daAuts
     D:7: 1411 daAuts
     D:9: 1366 daAuts
  Lair:1: 1335 daAuts
    D:14: 1143 daAuts
  Lair:2: 1044 daAuts
     D:3: 963 daAuts
  Lair:4: 935 daAuts
  Lair:5: 810 daAuts
